 Dungeon Crawl Stone Soup version 0.21.0-37-g46506fa (webtiles) character file.

217 tidbits the Digger (level 5, 12/38 HPs)
             Began as a Gnoll Earth Elementalist on Feb 1, 2018.
             Was an Initiate of Cheibriados.
             Quit the game on level 5 of the Dungeon.
             The game lasted 00:05:59 (574 turns).

tidbits the Digger (Gnoll Earth Elementalist)        Turns: 574, Time: 00:06:00

Health: 12/38      AC:  2    Str: 11    XL:     5   Next: 94%
Magic:  12/12      EV: 16    Int: 20    God:    Cheibriados [......]
Gold:   75         SH:  0    Dex: 16    Spells: 11/14 levels left

rFire    . . .     SeeInvis +   a - +0 dagger
rCold    . . .     Gourm    .   (no shield)
rNeg     . . .     Faith    .   c - +0 robe
rPois    .         Spirit   .   (no helmet)
rElec    .         Reflect  .   (no cloak)
rCorr    .         Harm     .   (no gloves)
MR       .....                  (no boots)
Stlth    +++.......             (no amulet)
HPRegen  0.12/turn              i - ring of see invisible
MPRegen  0.13/turn              V - +1 ring of evasion

@: quite poisoned (12 -> 5), very slow
A: distributed training, fangs 1, strong nose
a: Bend Time, Renounce Religion


You were on level 5 of the Dungeon.
You worshipped Cheibriados.
Cheibriados was noncommittal.
You were full.

You visited 1 branch of the dungeon, and saw 5 of its levels.

You collected 75 gold pieces.

Inventory:

Hand Weapons
 a - a +0 dagger (weapon)
 h - a +0 club
 k - a +0 short sword
 p - a +0 flail
Missiles
 b - 71 stones (quivered)
Armour
 c - a +0 robe (worn)
Jewellery
 i - a ring of see invisible (left hand)
   (You found it on level 1 of the Dungeon)
 V - a +1 ring of evasion (right hand)
   (You found it on level 4 of the Dungeon)
Scrolls
 f - 3 scrolls of teleportation
 g - 3 scrolls of remove curse
 j - a scroll of amnesia {unknown}
 l - a scroll of fear {unknown}
 n - a scroll of noise
Potions
 m - a potion of resistance
 o - a potion of haste
Books
 e - a book of Geomancy

   Spells                             Type                      Level
   a - Sandblast                      Earth                        1
   b - Passwall                       Transmutation/Earth          2
   c - Stone Arrow                    Conjuration/Earth            3
   d - Petrify                        Transmutation/Earth          4
   e - Lee's Rapid Deconstruction     Earth                        5
Comestibles
 d - 4 rations


   Skills:
 + Level 1.6 Fighting
 + Level 1.6 Short Blades
 + Level 1.6 Long Blades
 + Level 1.6 Axes
 + Level 1.6 Maces & Flails
 + Level 1.6 Polearms
 + Level 1.6 Staves
 + Level 1.6 Slings
 + Level 1.6 Bows
 + Level 1.6 Crossbows
 + Level 1.6 Throwing
 + Level 1.6 Armour
 + Level 4.8 Dodging
 + Level 4.5 Stealth
 + Level 1.6 Shields
 + Level 1.6 Unarmed Combat
 + Level 5.2 Spellcasting
 + Level 1.3 Conjurations
 + Level 1.3 Hexes
 + Level 1.3 Charms
 + Level 1.3 Summonings
 + Level 1.3 Necromancy
 + Level 1.3 Translocations
 + Level 2.5 Transmutations
 + Level 1.3 Fire Magic
 + Level 1.3 Ice Magic
 + Level 1.3 Air Magic
 + Level 5.6 Earth Magic
 + Level 1.3 Poison Magic
 + Level 1.9 Invocations
 + Level 1.6 Evocations


You had 11 spell levels left.
You knew the following spells:

 Your Spells              Type           Power        Failure   Level  Hunger
a - Sandblast             Erth           ####..       1%          1    None
p - Passwall              Tmut/Erth      ###.......   3%          2    None


Dungeon Overview and Level Annotations

Branches:
Dungeon (5/15)
 Temple: D:4-7

Altars:
Cheibriados
Gozag
Kikubaaqudgha
Okawaru
Ru
Uskayaw


Innate Abilities, Weirdness & Mutations

Your experience applies equally to all skills.
You have very sharp teeth.
Your uncanny sense of smell can sniff out nearby items.


Message History

Confirm with . or Enter, or press ? or * to list all spells.
Aiming: Sandblast
Press: ? - help, Shift-Dir - straight line, f - worker ant
Aim: a worker ant The blast of sand hits the worker ant.
The worker ant is severely wounded.
b - 75 stones The worker ant closely misses you.
Casting: Sandblast
Confirm with . or Enter, or press ? or * to list all spells.
Aiming: Sandblast
Press: ? - help, Shift-Dir - straight line, f/p - worker ant
Aim: a worker ant (severely wounded)
The blast of sand hits the worker ant.
You kill the worker ant!
You have reached level 5!
b - 74 stones A quokka comes into view.
There is a stone staircase leading down here.
You climb downwards.
An ogre comes into view. It is wielding a giant club.
Found 16 gold pieces.
There is a stone staircase leading up here.
The helpless ogre fails to defend itself.
You puncture the ogre!
The ogre is heavily wounded.
Casting: Sandblast
Confirm with . or Enter, or press ? or * to list all spells.
Aiming: Sandblast
Press: ? - help, Shift-Dir - straight line, f - ogre
Aim: an ogre, wielding a giant club (heavily wounded)
The blast of sand hits the ogre.
You kill the ogre!
b - 73 stones You see here a giant club.
Found an opulent altar of Gozag.
You see here 16 gold pieces.
You now have 75 gold pieces (gained 16).
Found a scroll labeled JIASER YGYMIUL.
Found a mace.
A dart slug comes into view.
You see here a scroll labeled JIASER YGYMIUL.
l - a scroll labeled JIASER YGYMIUL
Casting: Sandblast
Confirm with . or Enter, or press ? or * to list all spells.
Aiming: Sandblast
Press: ? - help, Shift-Dir - straight line, f - dart slug
Aim: a dart slug (clinging)
The blast of sand hits the dart slug.
You kill the dart slug!
b - 72 stones
Found a snail-covered altar of Cheibriados.
You enter the shallow water.
Moving in this stuff is going to be slow.
You see here a dart slug corpse.
There is a snail-covered altar of Cheibriados here.
You kneel at the altar of Cheibriados.
Cheibriados welcomes you!
Cheibriados begins to support your attributes as your movement slows.
You can now bend time to slow others.
Okay, then.
Okay, then.
You enter the shallow water.
Moving in this stuff is going to be slow.
You see here a dart slug corpse.
A scorpion comes into view.
An adder and a worker ant come into view.
An iguana comes into view.
The worker ant twitches its antennae in your direction.
The iguana hisses angrily.
The adder hisses angrily.
Found 7 gold pieces.
Unknown command.
Casting: Sandblast
Confirm with . or Enter, or press ? or * to list all spells.
Aiming: Sandblast
Press: ? - help, Shift-Dir - straight line, f - adder
Aim: an adder The blast of sand misses the adder.
b - 71 stones The adder bites you.
You are poisoned.
The adder poisons you! The adder barely misses you.
You feel sick.
You feel sick. The adder bites you.
You are more poisoned.
The adder poisons you! The worker ant barely misses you.
You feel sick. The adder bites you.
You are more poisoned.
The adder poisons you!
You feel sick. The worker ant bites you. The scorpion misses you.
The worker ant closely misses you. The adder bites you.
* * * LOW HITPOINT WARNING * * *
You feel sick.
You feel sick. The adder closely misses you. The worker ant closely misses you.
You feel sick.
The worker ant waves its antennae.
The adder bites you.
* * * LOW HITPOINT WARNING * * *
Okay, then.
Are you sure you want to abandon this character and quit the game? (Confirm with "yes".)

.............# .##
..........#..# #..
#.........#####.#
#...###...#.....#.# ..$
##....##. ..###+# #
#.....#.##.###_+
##.....#....#
##.....s###..#
##..#...aS@.).###.#
######..###..l##<........
#......###...####.....#..
#.....................#
#)................#.#..#
#......#..........#....#
##......#..........######
_#......############
Š......#


You could see a scorpion, an iguana, a worker ant and an adder.

Vanquished Creatures
  An ogre (D:5)
  2 orc priests (D:4)
  An orc wizard (D:4)
  A worker ant (D:4)
  A dart slug (D:5)
  A leopard gecko (D:1)
  2 orcs (D:4)
  4 hobgoblins
  3 kobolds (D:1)
  3 bats
  A frilled lizard (D:2)
  2 goblins (D:1)
  2 rats (D:1)
24 creatures vanquished.

Notes
Turn   | Place    | Note
-------+----------+-------------------------------------------
     0 | D:1      | tidbits the Gnoll Earth Elementalist began the quest for the Orb.
     0 | D:1      | Reached XP level 1. HP: 13/13 MP: 6/6
    72 | D:1      | Reached skill level 2 in Transmutations
   114 | D:1      | Reached XP level 2. HP: 16/19 MP: 3/7
   118 | D:1      | Learned a level 2 spell: Passwall
   255 | D:2      | Found a hide-covered altar of Uskayaw.
   255 | D:2      | Found a sacrificial altar of Ru.
   255 | D:2      | Found an ancient bone altar of Kikubaaqudgha.
   263 | D:2      | Found an iron altar of Okawaru.
   380 | D:4      | Reached skill level 5 in Spellcasting
   380 | D:4      | Reached skill level 1 in Invocations
   380 | D:4      | Reached XP level 3. HP: 25/25 MP: 5/9
   393 | D:4      | Reached skill level 1 in Fighting
   393 | D:4      | Reached skill level 1 in Short Blades
   393 | D:4      | Reached skill level 1 in Long Blades
   393 | D:4      | Reached skill level 1 in Axes
   393 | D:4      | Reached skill level 1 in Maces & Flails
   393 | D:4      | Reached skill level 1 in Polearms
   393 | D:4      | Reached skill level 1 in Staves
   393 | D:4      | Reached skill level 1 in Slings
   393 | D:4      | Reached skill level 1 in Bows
   393 | D:4      | Reached skill level 1 in Crossbows
   393 | D:4      | Reached skill level 1 in Throwing
   393 | D:4      | Reached skill level 1 in Armour
   393 | D:4      | Reached skill level 1 in Shields
   393 | D:4      | Reached skill level 1 in Unarmed Combat
   393 | D:4      | Reached skill level 1 in Evocations
   393 | D:4      | Reached XP level 4. HP: 28/32 MP: 0/11
   415 | D:4      | Reached skill level 1 in Conjurations
   415 | D:4      | Reached skill level 1 in Hexes
   415 | D:4      | Reached skill level 1 in Charms
   415 | D:4      | Reached skill level 1 in Summonings
   415 | D:4      | Reached skill level 1 in Necromancy
   415 | D:4      | Reached skill level 1 in Translocations
   415 | D:4      | Reached skill level 1 in Fire Magic
   415 | D:4      | Reached skill level 1 in Ice Magic
   415 | D:4      | Reached skill level 1 in Air Magic
   415 | D:4      | Reached skill level 1 in Poison Magic
   515 | D:4      | Reached XP level 5. HP: 37/37 MP: 9/12
   520 | D:5      | Entered Level 5 of the Dungeon
   520 | D:5      | Noticed an ogre
   522 | D:5      | Killed an ogre
   525 | D:5      | Found an opulent altar of Gozag.
   545 | D:5      | Found a snail-covered altar of Cheibriados.
   549 | D:5      | Became a worshipper of Cheibriados the Contemplative
   574 | D:5      | Quit the game

Skill      XL: |  1  2  3  4 |
---------------+-------------+-----
Transmutations | 2 |  2.5
Spellcasting   | 5 |  5.2
Invocations    | 1 |  1.9
Fighting       | 1 |  1.6
Short Blades   | 1 |  1.6
Long Blades    | 1 |  1.6
Axes           | 1 |  1.6
Maces & Flails | 1 |  1.6
Polearms       | 1 |  1.6
Staves         | 1 |  1.6
Slings         | 1 |  1.6
Bows           | 1 |  1.6
Crossbows      | 1 |  1.6
Throwing       | 1 |  1.6
Armour         | 1 |  1.6
Shields        | 1 |  1.6
Unarmed Combat | 1 |  1.6
Evocations     | 1 |  1.6
Conjurations   | 1 |  1.3
Hexes          | 1 |  1.3
Charms         | 1 |  1.3
Summonings     | 1 |  1.3
Necromancy     | 1 |  1.3
Translocations | 1 |  1.3
Fire Magic     | 1 |  1.3
Ice Magic      | 1 |  1.3
Air Magic      | 1 |  1.3
Poison Magic   | 1 |  1.3
Dodging        | |  4.8
Stealth        | |  4.5
Earth Magic    | |  5.6

Action                   |  1- 3 |  4- 6 || total
-------------------------+-------+-------++-------
Melee: Club              |     4 |       ||     4
       Dagger            |       |     1 ||     1
 Cast: Sandblast         |    31 |     7 ||    38
  Use: Scroll            |       |     5 ||     5
 Stab: Sleeping          |       |     1 ||     1
  Eat: Ration            |       |     1 ||     1
Armor: Robe              |     1 |       ||     1
Dodge: Dodged            |     7 |     7 ||    14

Table legend:
 A = Turns spent in this place as a percentage of turns spent in the entire game.
 B = Non-inter-level travel turns spent in this place as a percentage of non-inter-level travel turns spent in the entire game.
 C = Inter-level travel turns spent in this place as a percentage of turns spent in this place.
 D = Turns resting spent in this place as a percentage of non-inter-level travel turns spent in this place.
 E = Turns spent auto-exploring this place as a percentage of non-inter-level travel turns spent in this place.
 F = Non-inter-level travel turns spent in this place divided by the number of levels of this place that you've seen.
                   A       B       C       D       E      F
               +-------+-------+-------+-------+-------+----------------------
         Total | 100.0 | 100.0 |   0.0 |   0.0 |   0.0 | 114.8
       Dungeon | 100.0 | 100.0 |   0.0 |   0.0 |   0.0 | 114.8
               +-------+-------+-------+-------+-------+----------------------

Table legend:
 A = Kills in this place as a percentage of kills in entire the game.
 B = Kills by you in this place as a percentage of kills by you in the entire game.
 C = Kills by friends in this place as a percentage of kills by friends in the entire game.
 D = Other kills in this place as a percentage of other kills in the entire game.
 E = Experience gained in this place as a percentage of experience gained in the entire game.
 F = Experience gained in this place divided by the number of levels of this place that you have seen.
                   A       B       C       D       E      F
               +-------+-------+-------+-------+-------+----------------------
         Total | 100.0 | 100.0 |   N/A |   N/A | 100.0 |  62.2
       Dungeon | 100.0 | 100.0 |   N/A |   N/A | 100.0 |  62.2
               +-------+-------+-------+-------+-------+----------------------

Vault maps used:
D:1:      dpeg_arrival_boxorama
D:2:      minitemple, uniq_robin
D:3:      lexackson_kobold_supper
D:4:      evilmike_ruin_ashenzari, first_ration, serial_shops,
          nicolae_shop_crystal, cheibrodos_sewer_entry_bend
D:5:      lemuel_doored_altar, kennysheep_slug_shrine,
          minmay_temple_entry_statues, uniq_ijyb
